 Seeded DCSS version 0.27.1-15-g792fb953b9 (webtiles) character file.

Game seed: 20211118 (custom seed)

16 jessy the Insei (level 2, -2/22 HPs)
             Began as a Demigod Transmuter on Nov 18, 2021.
             Slain by a jackal (3 damage)
             ... on level 1 of the Dungeon.
             The game lasted 00:02:53 (649 turns).

jessy the Insei (Demigod Transmuter)                 Turns: 649, Time: 00:02:53

Health: -2/22      AC:  6    Str: 11    XL:     2   Next: 24%
Magic:  7/7        EV:  9    Int: 15    God:
Gold:   5          SH:  0    Dex: 14    Spells: 3/4 levels left

rFire    . . .     SeeInvis .   c - +0 short sword
rCold    . . .     Faith    .   (no shield)
rNeg     . . .     Spirit   .   b - +0 scale mail
rPois    .         Reflect  .   (no helmet)
rElec    .         Harm     .   e - scarf {+Inv}
rCorr    .         Rampage  .   (no gloves)
Will     .....                  (no boots)
Stlth    ..........             d - amulet of magic regeneration
HPRegen  0.07/turn              (no ring)
MPRegen  0.35/turn              (no ring)

@: no status effects
A: high mp 1, forlorn
a: Evoke Invisibility


You were on level 1 of the Dungeon.
You visited 1 branch of the dungeon, and saw 1 of its levels.

You collected 5 gold pieces.

Inventory:

Hand Weapons
 c - a +0 short sword (weapon)
 g - a +0 club
Armour
 a - a +0 robe
 b - a +0 scale mail (worn)
 e - a scarf of invisibility (worn)
Jewellery
 d - an amulet of magic regeneration (around neck)
Scrolls
 f - a scroll of immolation
 h - a scroll of teleportation {unknown}


   Skills:
 + Level 0.9 Fighting
 + Level 0.2 Armour
 + Level 2.2 Dodging
 + Level 2.9 Unarmed Combat
 + Level 1.9 Spellcasting
 + Level 1.7 Transmutations


You had 3 spell levels left.
You knew the following spells:

 Your Spells              Type           Power      Damage    Failure   Level
a - Beastly Appendage     Tmut           12%        N/A       54%         1

Your spell library contained the following spells:

 Spells                   Type           Power      Damage    Failure   Level
 Wereblood                Tmut           6%         N/A       69%         2
 Spider Form              Tmut/Pois      2%         N/A       96%         3
 Ice Form                 Ice/Tmut       4%         N/A       100%        4


Dungeon Overview and Level Annotations

Branches:
Dungeon (1/15)


Innate Abilities, Weirdness & Mutations

Your attributes grow dramatically as you level up.
You have an increased reservoir of magic. (+10% MP)
You shall have no god before yourself.


Message History

You kill the jackal!
The jackal bites you. The jackal closely misses you. The jackal bites you.
You miss the jackal.
The jackal bites you but does no damage.
The jackal bites you.
* * * LOW HITPOINT WARNING * * *
The jackal closely misses you.
You hit the jackal.
The jackal is moderately wounded.
The jackal bites you but does no damage.
The jackal completely misses you. The jackal barely misses you.
You hit the jackal.
The jackal is heavily wounded.
The jackal bites you but does no damage. x3
You aren't carrying any potions.
You aren't carrying any potions.
You barely miss the jackal.
The jackal is moderately wounded.
The jackal bites you but does no damage.
The jackal bites you.
* * * LOW HITPOINT WARNING * * *
The jackal bites you but does no damage.
You hit the jackal but do no damage. You punch the jackal.
The jackal is almost dead.
The jackal bites you but does no damage. x2
The jackal misses you. The jackal barely misses you.
You hit the jackal but do no damage.
The jackal is almost dead.
The jackal bites you.
* * * LOW HITPOINT WARNING * * *
The jackal closely misses you.
The jackal bites you but does no damage.
You closely miss the jackal.
The jackal is almost dead.
The jackal bites you but does no damage. x2
The jackal closely misses you.
You hit the jackal.
You kill the jackal!
The jackal bites you.
You die...

....##...# #........#
.....#...# #........#
.....#...# #........#
.....#...# #........#
.........# #..!.....#
....#....###........#
....#...............####
....#............h.....#
....##..........@..>....
##.###......####.......#
...# #......##...#.....#
..## ##........###.....#
..# ##.....### .....#
.## #....## ....# .#
##...# ....# .# #...#
#### .# #####


You could see a jackal.

Vanquished Creatures
  2 bats (D:1)
  2 endoplasms (D:1)
  A giant cockroach (D:1)
  A goblin (D:1)
  4 jackals (D:1)
  2 kobolds (D:1)
  2 frilled lizards (D:1)
14 creatures vanquished.

Notes
Turn   | Place    | Note
-------+----------+-------------------------------------------
     0 | D:1      | jessy the Demigod Transmuter began the quest for the Orb.
     0 | D:1      | Reached XP level 1. HP: 15/15 MP: 5/5
   273 | D:1      | Reached XP level 2. HP: 14/22 MP: 7/7
   647 | D:1      | HP: 1/22 [jackal (3)]
   649 | D:1      | Slain by a jackal

Illustrated notes

Levels and vault maps discovered:
D:1:      dpeg_arrival_lava_temple_mockup, layout_basic,
          hellmonk_ecumenical_altar_blasted

Skill      XL: |  1 |
---------------+----+-----
Dodging        | 2 |  2.2
Fighting       | |  0.9
Armour         | |  0.2
Unarmed Combat | |  2.9
Spellcasting   | |  1.9
Transmutations | |  1.7

Action                   || total
-------------------------++-------
Melee: Short sword       ||    51
       Unarmed           ||     1
       Punch             ||     1
 Cast: Beastly Appendage ||     2
Armor: Scale mail        ||    73
Dodge: Dodged            ||    53
